AoeStats
← Charly_

Nomad

509764830Analyzed
4v4 RM · 5d ago on Sep 27, 2026· 50m 54s· 8 players
Game mode
Random Map
Map size
231×231
Population
200
Speed
Normal
Resources
Standard
Victory
Conquest
Starting age
Dark Age
Ending age
Imperial Age
RankedLock teamsTeams togetherTeam positionsShared explorationLock speedFull tech treeHidden civsTurbo modeCheats
Victory
Defeat
🇦🇷 Vietnamese · Argentina
1280
+12
🇦🇷 Persians · Argentina
1260
+13
🇵🇪 Celts · Peru
1254
+13
🇦🇷 Varangians · Argentina
1191
+15
🇬🇧 Burgundians · United Kingdom
1203
-14
🇲🇽 Vikings · Mexico
1196
-14
🇨🇦 Italians · Canada
1180
-13
🇳🇮 Slavs · Nicaragua
1150
-12
Zinkx
6:21 Loom
14:26 Feudal Age
16:06 Double-Bit Axe
17:07 Town Watch
20:15 Fletching
21:45 Wheelbarrow
28:56 Castle Age
26:43 Horse Collar
30:23 Medium Warships
29:54 Fishing Lines
31:26 Bodkin Arrow
33:04 Bow Saw
33:10 Gillnets
33:57 Ballistics
35:06 Hand Cart
34:45 Stone Mining
35:43 Siphons
35:50 Clinker Construction
35:54 Careening
36:30 Padded Archer Armor
38:22 Crossbowman
39:09 Thumb Ring
40:27 Scale Barding Armor
40:52 Heavy Plow
40:44 Gold Mining
42:55 Fortified Wall
45:48 Imperial Age
44:51 Chain Barding Armor
44:47 Leather Archer Armor
44:49 Masonry
46:29 Bracer
46:52 Dry Dock
47:34 Two-Man Saw
47:00 Conscription
47:13 Heavy Warships
48:08 Chemistry
51:03 Conscription
51:16 Crop Rotation
51:19 Ring Archer Armor
51:25 Plate Barding Armor
Guisk
4:48 Loom
13:37 Feudal Age
14:25 Double-Bit Axe
21:06 Castle Age
22:02 Fletching
23:00 Bow Saw
25:17 Bodkin Arrow
38:24 Imperial Age
35:49 Horse Collar
37:06 Scale Mail Armor
38:54 Forging
39:35 Conscription
39:25 Arson
39:41 Squires
41:42 Chain Mail Armor
43:23 Plate Mail Armor
43:43 Iron Casting
42:59 Pikeman
46:47 Chieftains
FirstPine3880
4:50 Loom
8:29 Double-Bit Axe
9:15 Fishing Lines
16:17 Feudal Age
17:58 Bow Saw
21:35 Castle Age
22:25 Scale Barding Armor
22:23 Gillnets
24:01 Horse Collar
25:39 Town Watch
26:30 Wheelbarrow
25:58 Gold Mining
27:01 Chain Barding Armor
29:48 Cavalier
30:59 Forging
35:13 Gold Shaft Mining
34:44 Heavy Plow
37:44 Hand Cart
39:29 Husbandry
42:54 Imperial Age
42:24 Stone Mining
44:02 Conscription
43:36 Paladin
45:23 Plate Barding Armor
45:23 Iron Casting
lord_blandon
5:07 Loom
14:06 Feudal Age
16:18 Double-Bit Axe
17:27 Fletching
17:38 Padded Archer Armor
19:40 Horse Collar
23:38 Castle Age
23:12 Gold Mining
23:16 Stone Mining
40:39 Wheelbarrow
39:49 Town Watch
42:12 Hand Cart
43:22 Town Patrol
48:26 Imperial Age
46:16 Murder Holes
46:42 Ballistics
46:33 Masonry
47:38 Gold Shaft Mining
LAO9
4:34 Loom
14:37 Feudal Age
19:18 Castle Age
17:37 Double-Bit Axe
18:12 Gold Mining
17:51 Man-at-Arms
18:42 Scale Mail Armor
19:46 Long Swordsman
21:12 Medium Warships
21:30 Gambesons
21:57 Forging
23:35 Pikeman
39:15 Fletching
43:11 Wheelbarrow
46:35 Horse Collar
51:24 Bow Saw
juanjemer
11:16 Loom
13:43 Feudal Age
19:21 Castle Age
20:21 Medium Warships
20:23 Double-Bit Axe
21:04 Town Watch
24:55 Bow Saw
27:07 Fletching
26:42 Crossbowman
29:01 Wheelbarrow
31:20 Bodkin Arrow
32:46 Gold Mining
34:21 Hand Cart
37:59 Squires
38:00 Scale Mail Armor
38:11 Forging
39:29 Chain Mail Armor
41:59 Imperial Age
42:45 Arbalester
43:34 Bracer
45:12 Elite Fire Lancer
Charly_
5:38 Loom
13:21 Feudal Age
20:58 Castle Age
22:35 Wheelbarrow
23:36 Fletching
24:28 Horse Collar
39:07 Hand Cart
41:26 Imperial Age
38:43 Town Watch
38:57 Double-Bit Axe
39:13 Heavy Plow
39:07 Gold Mining
39:45 Scale Barding Armor
39:50 Forging
40:06 Bloodlines
40:11 Husbandry
42:37 Conscription
42:39 Hand Cart
42:51 Cavalier
44:29 Gold Shaft Mining
44:21 Forging
44:31 Chain Barding Armor
45:40 Iron Casting
48:50 Plate Barding Armor
48:41 Savar
Mysa_
5:23 Loom
13:49 Feudal Age
17:59 Castle Age
15:56 Fletching
16:14 Double-Bit Axe
16:11 Horse Collar
19:36 Bodkin Arrow
20:43 Wheelbarrow
24:40 Hand Cart
24:20 Gold Mining
28:49 Careening
28:53 Clinker Construction
30:09 Town Watch
36:03 Husbandry
36:10 Scale Barding Armor
40:00 Imperial Age
37:59 Bloodlines
38:10 Chain Barding Armor
38:01 Forging
39:05 Bow Saw
39:03 Heavy Plow
40:20 Iron Casting
39:46 Vendel Legacy
40:36 Cavalier
42:52 Plate Barding Armor
42:15 Light Cavalry
45:02 Blast Furnace
45:08 Hussar
47:18 Conscription
50:45 Elite Jarl
Connection lost

Rejoining the realm…

Still unreachable

The connection could not be restored.

Session expired

The server has moved on; the page needs a fresh start.